 Dungeon Crawl Stone Soup version 0.31-a0-532-g28f74ba3e5 (webtiles) character file.

Game seed: 5126995292035903687

1884 LeprechaunX the Changeling (level 9, -6/61 HPs)
             Began as an Octopode Shapeshifter on Aug 13, 2023.
             Was an Initiate of Hepliaklqana.
             Mangled by a wyvern (15 damage)
             ... on level 7 of the Dungeon.
             The game lasted 00:11:37 (4872 turns).

LeprechaunX the Changeling (Octopode Shapeshifter)  Turns: 4872, Time: 00:11:38

Health: -6/61      AC:  1    Str: 18    XL:     9   Next: 14%
Magic:  9/9        EV: 14    Int: 11    God:    Hepliaklqana [......]
Gold:   318        SH:  0    Dex: 12    Spells: 8/8 levels left

rFire   + .          .
                       - Unarmed
rCold   . . .        (no shield)
rNeg    + . .        (helmet currently unavailable)
rPois   .            m - amulet of the Barracuda {rF+ Regen+}
rElec   .            i - ring of willpower
rCorr   .            g - ring of positive energy
SInv    .            (no ring)
Will    +....        (no ring)
Stlth   ++           (no ring)
HPRegen 1.10/turn    (no ring)
MPRegen 0.11/turn    (no ring)
                     (no ring)

%: no passive effects
@: beast-form
A: beast (slay +4), almost no armour, amphibious, 8 rings, camouflage 1,
gelatinous body 1, (nimble swimmer 1), tentacles
a: Begin Untransformation, Renounce Religion


You were on level 7 of the Dungeon.
You worshipped Hepliaklqana.
Hepliaklqana was noncommittal.
You were a hulking beast.
You visited 2 branches of the dungeon, and saw 8 of its levels.

You collected 318 gold pieces.

Inventory:

Hand Weapons
 r - a +0 sling
Missiles
 q - 7 boomerangs (quivered)
Jewellery
 g - a ring of positive energy (right tentacle)
 i - a ring of willpower (left tentacle)
 k - a ring of fire
 m - the amulet of the Barracuda (around mantle) {rF+ Regen+}
   (You found it on level 2 of the Dungeon)

   [amulet of regeneration]

   rF+:       It protects you from fire.
   Regen+:    It increases your rate of health regeneration.
 u - an amulet of magic regeneration
Talismans
 b - a beast talisman (active)
 c - a flux talisman
Wands
 p - a wand of flame (17)
Scrolls
 d - 2 scrolls of blinking {unknown}
 e - a scroll of enchant armour {unknown}
 f - 2 scrolls of fear {unknown}
 j - a scroll of torment {unknown}
 l - 9 scrolls of identify {unknown}
 t - a scroll of butterflies {unknown}
 v - a scroll of revelation {unknown}
 w - 2 scrolls of enchant weapon {unknown}
 y - 2 scrolls of teleportation {unknown}
 z - 2 scrolls of vulnerability {unknown}
 C - a scroll of amnesia {unknown}
Potions
 a - 2 potions of lignification
 h - 6 potions of curing {unknown}
 n - a potion of mutation {unknown}
 o - a potion of haste {unknown}
 s - a potion of heal wounds {unknown}
 x - 2 potions of brilliance {unknown}
 A - a potion of degeneration {unknown}
 B - a potion of resistance {unknown}


   Skills:
 - Level 5.0 Fighting
 - Level 5.0 Dodging
 - Level 5.0 Unarmed Combat
 + Level 7.7 Shapeshifting


You had 8 spell levels left.
You didn't know any spells.
Your spell library contained the following spells:

 Spells                   Type           Power      Damage    Failure   Level
 Summon Small Mammal      Summ           0%         N/A       34%         1
 Call Canine Familiar     Summ           0%         N/A       71%         3
 Summon Guardian Golem    Hex/Summ       0%         N/A       71%         3
 Alistair's Intoxication  Tmut/Pois      0%         N/A       100%        5
 Borgnjor's Vile Clutch   Necr/Erth      0%         N/A       100%        5
 Eringya's Noxious Bog    Tmut/Pois      0%         4d6       100%        6
 Simulacrum               Ice/Necr       0%         N/A       100%        6
 Ozocubu's Refrigeration  Ice            0%         4d7       100%        7
 Polar Vortex             Ice            0%         N/A       100%        9


Dungeon Overview and Level Annotations

Branches:
Dungeon (7/15)             Temple (1/1) D:6

Altars:
Ashenzari
Cheibriados
Dithmenos
Elyvilon
Gozag
Hepliaklqana
Kikubaaqudgha
Makhleb
Nemelex Xobeh
Okawaru
Qazlal
Ru
Sif Muna
Uskayaw
Vehumet
Wu Jian
Xom
Yredelemnul
Zin
The Shining One

Shops:
D:3 [   D:4 (   D:5 *:!=

Annotations:
D:4 1 runed translucent door


Innate Abilities, Weirdness & Mutations

You are a hulking beast.
Your limbs bulge with bestial killing power. (Slay +4)
You cannot wear most types of armour.
You are amphibious.
You can wear up to eight rings at the same time.
Your skin changes colour to match your surroundings (Stealth+).
Your rubbery body absorbs attacks. (AC +1, EV +1)
((You are camouflaged when in or above water. (Stealth+)))
You have tentacles for arms and can constrict up to eight enemies at once.


Message History

* * * LOW HITPOINT WARNING * * *
You tentacle-slap the orc warrior.
You kill the orc warrior!
Unknown command.
You start resting.
HP restored.
Items here: ))) [ †.
Found a whip.
Found 6 stones.
A wyvern comes into view.
A wyvern is nearby!
The wyvern bites you!
You see here 6 stones.
You barely miss the wyvern. You squeeze the wyvern!
The wyvern is moderately wounded.
The wyvern bites you.
You closely miss the wyvern. You squeeze the wyvern.
The wyvern is moderately wounded.
The wyvern closely misses you. The wyvern bites you.
You barely miss the wyvern.
The wyvern is moderately wounded.
The wyvern misses you.
You barely miss the wyvern.
The wyvern is moderately wounded.
The wyvern bites you.
You tentacle-slap the wyvern. You squeeze the wyvern.
The wyvern is heavily wounded.
The wyvern bites you! x2
* * * LOW HITPOINT WARNING * * *
You are too injured to fight recklessly!
You tentacle-slap the wyvern but do no damage.
Your squeeze misses the wyvern.
The wyvern is heavily wounded.
The wyvern bites you.
* * * LOW HITPOINT WARNING * * *
You tentacle-slap the wyvern but do no damage.
You squeeze the wyvern!
The wyvern is almost dead.
The wyvern closely misses you. The wyvern bites you!
You die...

#.........#
##.......###.##
##..[..## ...
##...## ..#
##+## ... #.# #
#.# ##. #l#
###...#### #h#
#.....)..# #.#
.#...##.###.#
#.#.........#
#.#.###.#####
#.## ...# #.#
#...##.###.#
#........#
####.#####


You could see a wyvern.

Vanquished Creatures
  Sigmund (D:6)
  Eustachio (D:6)
  Menkaure (D:6)
  2 water moccasins (D:6)
  2 ice beasts (D:5)
  An orc warrior (D:7)
  An ogre (D:5)
  A centaur (D:6)
  A phantom (D:5)
  A bullfrog (D:7)
  2 scorpions
  2 hounds (D:6)
  An orc priest (D:5)
  3 iguanas (D:6)
  An orc wizard (D:6)
  2 sleepcaps (D:6)
  8 gnolls
  11 adders
  2 shadow imps
  A white imp (D:6)
  2 ufetubi (D:4)
  3 dart slugs
  21 orcs
  3 bats
  8 endoplasms
  A giant cockroach (D:3)
  2 goblins
  8 hobgoblins
  7 jackals
  2 quokkas
  8 ball pythons
  9 frilled lizards
  A jackal zombie (D:4)
  10 kobolds
  5 rats
135 creatures vanquished.

Notes
Turn   | Place    | Note
-------+----------+-------------------------------------------
     0 | D:1      | LeprechaunX the Octopode Shapeshifter began the quest for
                  | the Orb.
     0 | D:1      | Reached XP level 1. HP: 13/13 MP: 1/1
   157 | D:1      | Reached XP level 2. HP: 14/18 MP: 2/2
   657 | D:1      | Reached XP level 3. HP: 22/23 MP: 3/3
   782 | D:2      | Identified the amulet of the Barracuda {rF+ Regen+}
   958 | D:2      | Found an ancient bone altar of Kikubaaqudgha.
  1094 | D:2      | Reached XP level 4. HP: 28/29 MP: 4/4
  1596 | D:3      | Found Yqinwyle's Antique Armour Shoppe.
  1661 | D:3      | Found an ornate altar of the Wu Jian Council.
  1859 | D:3      | You fall into a shaft and drop 2 floors!
  1859 | D:5      | Entered Level 5 of the Dungeon
  1870 | D:5      | Found Inkug's Assorted Antiques.
  1871 | D:5      | Noticed a scorpion
  1914 | D:5      | Reached XP level 5. HP: 35/35 MP: 5/5
  2150 | D:5      | Noticed a phantom
  2168 | D:5      | Killed a phantom
  2169 | D:5      | Reached XP level 6. HP: 26/41 MP: 6/6
  2216 | D:5      | Noticed an ice beast
  2231 | D:5      | Found Gampot's Distillery.
  2392 | D:4      | Found Tyoforr's Antique Weapon Shop.
  2410 | D:5      | Found Niulos's Book Shoppe.
  2434 | D:5      | Reached skill level 4 in Shapeshifting
  2487 | D:5      | Found Aptikem's Jewellery Boutique.
  2546 | D:5      | Killed an ice beast
  2547 | D:5      | Reached XP level 7. HP: 34/46 MP: 7/7
  3146 | D:4      | Reached skill level 5 in Unarmed Combat
  3558 | D:4      | Noticed a human
  3559 | D:4      | Found a runed translucent door.
  3598 | D:4      | Found a basalt altar of Yredelemnul.
  3733 | D:6      | Reached XP level 8. HP: 40/54 MP: 8/8
  3784 | D:6      | Reached skill level 5 in Dodging
  3866 | D:6      | Reached skill level 5 in Shapeshifting
  4030 | D:6      | Reached skill level 5 in Fighting
  4046 | D:6      | Found an iron altar of Okawaru.
  4051 | D:6      | Noticed Menkaure
  4054 | D:6      | Killed Menkaure
  4108 | D:6      | Noticed Eustachio
  4128 | D:6      | Killed Eustachio
  4129 | D:6      | Reached skill level 6 in Shapeshifting
  4181 | D:6      | Found a staircase to the Ecumenical Temple.
  4199 | D:6      | Noticed Sigmund
  4208 | Temple   | Entered the Ecumenical Temple
  4229 | Temple   | Became a worshipper of Hepliaklqana the Forgotten
  4335 | D:6      | Killed Sigmund
  4398 | D:6      | Reached skill level 7 in Shapeshifting
  4398 | D:6      | Reached XP level 9. HP: 48/61 MP: 9/9
  4540 | D:6      | Noticed a gargoyle
  4872 | D:7      | Mangled by a wyvern

Illustrated notes

Levels and vault maps discovered:
D:1:      ncdulo_smallfort, layout_loops_ring
D:2:      minmay_spotlight, layout_basic, basic_altar
D:3:      layout_basic, nicolae_overflow_hidden_temple, serial_shops,
          nicolae_shop_waterfront
D:4:      cheibrodos_old_hovel, layout_gridville, dk_yredelemnul_ordeal,
          serial_glass, glass_columns_a, glass_columns_a, glass_columns_a,
          glass_columns_b, glass_columns_a, glass_columns_c, glass_columns_a,
          glass_columns_a, nicolae_take_the_stairs, kennysheep_flooded_box
D:5:      layout_rooms, serial_shops, nicolae_shop_window_shopping,
          nicolae_shop_trees, nicolae_shop_rolling_square,
          nicolae_shop_rolling_square
D:6:      wad_crossroads, layout_basic, okawaru_trees_2,
          minmay_temple_entry_purple_smoke, uniq_eustachio, uniq_sigmund,
          uniq_menkaure
D:7:      layout_loops_corners, fedhas_altar_3, tgw_trog
Temple:   nicolae_temple_slightly_damp_pantheon

Skill      XL: |  1  2  3  4  5  6  7  8 |
---------------+-------------------------+-----
Fighting       | 2 3 4 5 |  5.0
Dodging        | 3 4 5 |  5.0
Unarmed Combat | 4 5 |  5.0
Shapeshifting  | 4 7 |  7.7

Action                     |  1- 3 |  4- 6 |  7- 9 || total
---------------------------+-------+-------+-------++-------
  Melee: Unarmed           |    59 |    97 |   156 ||   312
         Tentacles         |    13 |    23 |    36 ||    72
         Constrict         |    15 |    19 |    42 ||    76
         Punch             |       |     5 |     7 ||    12
  Throw: Boomerang         |       |     2 |     9 ||    11
   Stab: Sleeping          |     9 |     5 |     6 ||    20
 Armour: Skin              |     7 |     4 |     9 ||    20
  Dodge: Dodged            |    28 |    59 |   103 ||   190

Table legend: (Time is in decaauts)
 A = Elapsed time spent in this place.
 B = Non-inter-level travel time spent in this place.
 C = Inter-level travel time spent in this place.
 D = Time resting spent in this place.
 E = Time spent auto-exploring this place.
 F = Levels seen in this place.
 G = Mean time per level.
                   A        B        C        D        E       F      G
               +--------+--------+--------+--------+--------+-----+--------+
         Total |   4852 |   4463 |    389 |    376 |   2842 |   8 |  606.5 |
       Dungeon |   4809 |   4461 |    348 |    376 |   2842 |   7 |  687.0 |
        Temple |     42 |      1 |     41 |      0 |      0 |   1 |   42.0 |
               +--------+--------+--------+--------+--------+-----+--------+

Top non-repeatable levels by time:
     D:6: 960 daAuts
     D:5: 864 daAuts
     D:2: 808 daAuts
     D:1: 773 daAuts
     D:4: 671 daAuts
     D:3: 548 daAuts
     D:7: 182 daAuts
  Temple: 42 daAuts
